 Dungeon Crawl Stone Soup version 0.31-a0-237-g2d982f9f85 (webtiles) character file.

Game seed: 8941067625731368942

67 qw the Shooter (level 4, -3/26 HPs)
             Began as a Gargoyle Hexslinger on July 11, 2023.
             Slain by Grinder (8 damage)
             ... on level 3 of the Dungeon.
             The game lasted 00:00:45 (1755 turns).

qw the Shooter (Gargoyle Hexslinger)                Turns: 1755, Time: 00:00:45

Health: -3/26      AC: 11    Str:  8 (11) XL:     4   Next: 16%
Magic:  5/5        EV: 10    Int: 12 (14) God:
Gold:   72         SH:  0    Dex: 11 (14) Spells: 4/5 levels left

rFire   + . .        Y - +1 sling
rCold   . . .        (no shield)
rNeg    + . .        d - +0 ring mail
rPois   inf          e - +0 helmet
rElec   +            f - +1 cloak
rCorr   .            (no gloves)
SInv    +            (no boots)
Will    .....        (no amulet)
Stlth   +            b - ring of see invisible
HPRegen 0.24/turn    j - ring of protection from fire
MPRegen 0.09/turn

%: no passive effects
@: no status effects
A: sickness immunity, AC +3, negative energy resistance 1, electricity
resistance, torment resistance 1, petrification resistance
a: no special abilities


You were on level 3 of the Dungeon.
You visited 1 branch of the dungeon, and saw 3 of its levels.

You collected 72 gold pieces.


Innate Abilities, Weirdness & Mutations

You are immune to sickness and miasma.
Your stone body is resilient. (AC +3)
You are immune to poison.
You resist negative energy. (rN+)
You are resistant to electric shocks. (rElec)
You are resistant to unholy torment.
You are immune to petrification.


   Skills:
 - Level 2.0 Fighting
 + Level 3.8 Ranged Weapons
 - Level 1.0 Armour
 - Level 1.5 Dodging
 - Level 1.0 Spellcasting
 - Level 2.6 Hexes


You had 4 spell levels left.
You knew the following spells:

 Your Spells              Type           Power      Damage    Failure   Level
a - Slow                  Hex            28%        N/A       30%         1

Your spell library contained the following spells:

 Spells                   Type           Power      Damage    Failure   Level
 Inner Flame              Hex/Fire       3%         N/A       85%         3
 Portal Projectile        Hex/Tloc       6%         N/A       85%         3
 Cause Fear               Hex            3%         N/A       97%         4

Inventory:

Hand Weapons
 Y - a +1 sling (weapon)
Armour
 d - a +0 ring mail (worn)
 e - a +0 helmet (worn)
 f - a +1 cloak (worn)
Jewellery
 b - a ring of see invisible (left hand)
 j - a ring of protection from fire (right hand)
Scrolls
 a - 2 scrolls of identify
Potions
 i - a potion of might
 k - 2 potions of resistance

Dungeon Overview and Level Annotations

Branches:
Dungeon (3/15)

Altars:

Annotations:
D:3 Grinder


Message History

Grinder is lightly wounded.
You shoot a sling bullet. The sling bullet hits Grinder.
Grinder is moderately wounded.
Grinder closely misses you. Grinder hits you.
You shoot a sling bullet.
The sling bullet closely misses Grinder.
Grinder hits you.
You writhe in agony.
You shoot a sling bullet. The sling bullet barely misses Grinder.
Grinder barely misses you. Grinder hits you.
You writhe in agony.
You shoot a sling bullet. The sling bullet hits Grinder.
Grinder is heavily wounded.
Grinder blinks!
You shoot a sling bullet.
The sling bullet hits Grinder but does no damage.
Grinder is heavily wounded.
Grinder blinks!
You start resting.
Grinder is nearby!
You shoot a sling bullet. The sling bullet hits Grinder!
Grinder is heavily wounded.
You shoot a sling bullet.
The sling bullet closely misses Grinder.
Grinder gestures at you. Pain shoots through your body!
You shoot a sling bullet.
The sling bullet closely misses Grinder.
You shoot a sling bullet. The sling bullet hits Grinder.
Grinder is severely wounded.
Grinder gestures at you. Pain shoots through your body!
You shoot a sling bullet.
The sling bullet closely misses Grinder.
You shoot a sling bullet. The sling bullet hits Grinder.
Grinder is severely wounded.
You shoot a sling bullet. The sling bullet hits Grinder.
Grinder is almost dead.
Grinder barely misses you. Grinder misses you.
You shoot a sling bullet. The sling bullet barely misses Grinder.
Grinder hits you!
You die...

# ###.#
##.#.##
#.@...#
##5#.##
#.# #
#.# #.#
#.# #.#
#.# #.#


You could see Grinder.

Vanquished Creatures
  An adder (D:2)
  4 dart slugs
  2 endoplasms
  2 giant cockroaches
  8 goblins
  9 hobgoblins
  2 jackals (D:1)
  2 quokkas (D:1)
  4 ball pythons (D:1)
  3 bats
  2 frilled lizards (D:2)
  2 kobolds (D:2)
  5 rats
46 creatures vanquished.

Notes
Turn   | Place    | Note
-------+----------+-------------------------------------------
     0 | D:1      | qw the Gargoyle Hexslinger began the quest for the Orb.
     0 | D:1      | Reached XP level 1. HP: 12/12 MP: 2/2
     0 | D:1      | 0 ||| qw: Version: 0.3-a-52-g30416fa
     0 | D:1      | 0 ||| qw: Game counter: 5818
     0 | D:1      | 0 ||| qw: Melee chars always use a shield: true
     0 | D:1      | 0 ||| qw: God list: Okawaru
     0 | D:1      | 0 ||| qw: Allow faded altars: false
     0 | D:1      | 0 ||| qw: Do Orc after clearing Dungeon:15 true
     0 | D:1      | 0 ||| qw: Do second Lair branch before Depths: true
     0 | D:1      | 0 ||| qw: Lair rune preference: random
     0 | D:1      | 0 ||| qw: Goals: Normal
     0 | D:1      | 0 ||| PLANNING D:1-11
   104 | D:1      | Reached XP level 2. HP: 16/16 MP: 3/3
   116 | D:1      | Reached skill level 3 in Ranged Weapons
   545 | D:1      | Reached XP level 3. HP: 21/21 MP: 4/4
   679 | D:1      | 679 ||| UPGRADING to +0 ring mail.
   689 | D:1      | 689 ||| DROPPING +0 robe.
   690 | D:1      | 690 ||| UPGRADING to +0 helmet.
   695 | D:1      | 695 ||| READING 2 scrolls labelled URANNY HUSUVA.
   696 | D:1      | 696 ||| DROPPING scroll of poison.
   972 | D:2      | 972 ||| Stepping ~*~*~tactically~*~*~ (outnumbered).
   980 | D:2      | Reached skill level 1 in Armour
  1490 | D:2      | Reached XP level 4. HP: 26/26 MP: 5/5
  1640 | D:2      | 1640 ||| UPGRADING to +1 cloak.
  1645 | D:2      | 1645 ||| UPGRADING to ring of see invisible.
  1646 | D:2      | 1646 ||| UPGRADING to ring of protection from fire.
  1647 | D:2      | 1647 ||| READING scroll labelled OSYD IPSOPO.
  1648 | D:2      | 1648 ||| DRINKING 2 brown potions.
  1649 | D:2      | 1649 ||| READING 5 scrolls of identify.
  1649 | D:2      | 1649 ||| IDENTIFYING sedimented golden potion
  1650 | D:2      | 1650 ||| READING 4 scrolls of identify.
  1650 | D:2      | 1650 ||| IDENTIFYING red potion
  1651 | D:2      | 1651 ||| READING 3 scrolls of identify.
  1651 | D:2      | 1651 ||| IDENTIFYING lumpy green potion
  1652 | D:2      | 1652 ||| DROPPING potion of degeneration.
  1653 | D:2      | 1653 ||| DROPPING potion of attraction.
  1721 | D:3      | Noticed Grinder
  1724 | D:3      | Paralysed by Grinder for 5 turns
  1735 | D:3      | Paralysed by Grinder for 2 turns
  1751 | D:3      | HP: 4/26 [Grinder/nerve-wracking pain (4)]
  1755 | D:3      | Slain by Grinder

Levels and vault maps discovered:
D:1:      ebering_hopf_link, layout_basic, minmay_liquid_box
D:2:      layout_loops_corners, minmay_split_cup_large
D:3:      layout_loops_ring, mainiacjoe_overflow_big_doors, serial_shops, shop,
          nicolae_shop_pleasant_corner_grove, shop, shop,
          nicolae_shop_behind_doors, basic_ecumenical_altar,
          chequers_serial_rivers_small_3, uniq_grinder, uniq_robin

Skill      XL: |  1  2  3 |
---------------+----------+-----
Ranged Weapons | 3 |  3.8
Fighting       | 2 |  2.0
Armour         | 1 |  1.0
Dodging        | |  1.5
Spellcasting   | |  1.0
Hexes          | |  2.6

Action                     |  1- 3 |  4- 6 || total
---------------------------+-------+-------++-------
   Fire: Sling             |   149 |    36 ||   185
    Use: Scroll            |     1 |     4 ||     5
         Potion            |       |     1 ||     1
 Armour: Robe              |    41 |       ||    41
         Ring mail         |    17 |     4 ||    21
  Dodge: Dodged            |    78 |    14 ||    92

Table legend:
 A = Non-vault XP
 B = Vault XP
 C = Vault XP percentage of total XP
 D = Non-vault monster count
 E = Vault monster count
 F = Vault count percentage of total count
                 A         B        C        D         E       F
            +---------+---------+-------+---------+---------+-------
      Total |      85 |      11 |  11.5 |      42 |       4 |   8.7
            +---------+---------+-------+---------+---------+-------
        D:1 |      45 |       0 |   0.0 |      24 |       0 |   0.0
        D:2 |      38 |      11 |  22.4 |      17 |       4 |  19.0
        D:3 |       2 |       0 |   0.0 |       1 |       0 |   0.0
            +---------+---------+-------+---------+---------+-------
